 Dungeon Crawl Stone Soup version 0.28.0-1-gb440e238dd (webtiles) character file.

Game seed: 18166694684024381985

153 Ablot the Grasshopper (level 5, -1/43 HPs)
             Began as a Gnoll Warper on Feb 26, 2022.
             Slain by a gnoll (11 damage)
             ... on level 3 of the Dungeon.
             The game lasted 00:02:31 (3198 turns).

Ablot the Grasshopper (Gnoll Warper)                Turns: 3198, Time: 00:02:32

Health: -1/43      AC:  4    Str: 12    XL:     5   Next: 35%
Magic:  12/12      EV: 13    Int: 12    God:
Gold:   153        SH:  0    Dex: 12    Spells: 12/14 levels left

rFire   . . .      SeeInvis .   a - +0 spear
rCold   . . .      Faith    .   (no shield)
rNeg    . . .      Spirit   .   b - +0 leather armour
rPois   .          Reflect  .   (no helmet)
rElec   .          Harm     .   (no cloak)
rCorr   .          Rampage  .   (no gloves)
Will    .....                   l - +0 pair of boots {Fly}
Stlth   +.........              (no amulet)
HPRegen 0.14/turn               m - +4 ring of slaying
MPRegen 0.13/turn               (no ring)

@: flying
A: fangs 1, strong nose, distributed training
a: no special abilities


You were on level 3 of the Dungeon.
You visited 1 branch of the dungeon, and saw 3 of its levels.

You collected 153 gold pieces.

Inventory:

Hand Weapons
 a - a +0 spear (weapon)
Missiles
 d - 5 boomerangs of dispersal (quivered)
 g - 46 arrows
 h - 160 stones
Armour
 b - a +0 leather armour (worn)
 l - a +0 pair of boots of flying (worn)
Jewellery
 m - a +4 ring of slaying (left hand)
Scrolls
 c - 2 scrolls of blinking
 e - 2 scrolls of enchant armour {unknown}
 f - a scroll of amnesia {unknown}
 j - a scroll of teleportation {unknown}
 n - a scroll of vulnerability {unknown}
 r - a scroll of torment {unknown}
 s - a scroll of identify {unknown}
 t - a scroll of enchant weapon {unknown}
 u - a scroll of silence {unknown}
Potions
 i - a potion of invisibility {unknown}
 k - 2 potions of ambrosia {unknown}
 o - a potion of might {unknown}
 p - 2 potions of flight {unknown}
 q - a potion of berserk rage {unknown}
 v - a potion of curing {unknown}


   Skills:
 + Level 4.8 Fighting
 + Level 1.4 Short Blades
 + Level 1.4 Long Blades
 + Level 1.4 Axes
 + Level 1.4 Maces & Flails
 + Level 4.8 Polearms
 + Level 1.4 Staves
 + Level 1.4 Slings
 + Level 1.4 Bows
 + Level 1.4 Crossbows
 + Level 3.0 Throwing
 + Level 3.0 Armour
 + Level 4.8 Dodging
 + Level 1.4 Stealth
 + Level 1.4 Shields
 + Level 1.4 Unarmed Combat
 + Level 5.2 Spellcasting
 + Level 1.1 Conjurations
 + Level 1.1 Hexes
 + Level 1.1 Summonings
 + Level 1.1 Necromancy
 + Level 5.5 Translocations
 + Level 1.1 Transmutations
 + Level 1.1 Fire Magic
 + Level 1.1 Ice Magic
 + Level 1.1 Air Magic
 + Level 1.1 Earth Magic
 + Level 1.1 Poison Magic
 + Level 1.6 Invocations
 + Level 1.4 Evocations


You had 12 spell levels left.
You knew the following spells:

 Your Spells              Type           Power      Damage    Failure   Level
a - Blink                 Tloc           32%        N/A       3%          2

Your spell library contained the following spells:

 Spells                   Type           Power      Damage    Failure   Level
 Gell's Gravitas          Tloc           16%        N/A       8%          3
 Lesser Beckoning         Tloc           16%        N/A       8%          3
 Teleport Other           Tloc           16%        N/A       8%          3
 Manifold Assault         Tloc           16%        N/A       56%         5
 Blade Hands              Tmut           2%         N/A       99%         5
 Irradiate                Conj/Tmut      2%         3d14      99%         5
 Dragon Form              Tmut           2%         N/A       100%        7


Dungeon Overview and Level Annotations

Branches:
Dungeon (3/15)

Altars:


Innate Abilities, Weirdness & Mutations

You have very sharp teeth.
Your uncanny sense of smell can sniff out nearby items.
Your experience applies equally to all skills.


Message History

You reach to attack!
You hit the gnoll.
You kill the gnoll!
You reach to attack!
You hit the gnoll.
The gnoll is moderately wounded.
You hit the gnoll.
The gnoll is severely wounded.
You closely miss the gnoll.
The gnoll is severely wounded.
The gnoll hits you with a +0 flail.
You closely miss the gnoll.
The gnoll is severely wounded.
The gnoll misses you. x2
You barely miss the gnoll.
The gnoll is severely wounded.
The gnoll completely misses you. The gnoll hits you with a +0 flail.
You puncture the gnoll!
You kill the gnoll!
The gnoll closely misses you.
Your Throwing skill increases to level 3!
Your Armour skill increases to level 3!
You hit the gnoll.
The gnoll is lightly wounded.
You puncture the gnoll!
The gnoll is severely wounded.
The gnoll hits you but does no damage.
You hit the gnoll.
The gnoll is severely wounded.
The gnoll barely misses you.
You closely miss the gnoll.
The gnoll is severely wounded.
The gnoll hits you with a +0 flail.
You are too injured to fight recklessly!
You closely miss the gnoll. Your bite misses the gnoll.
The gnoll is severely wounded.
The gnoll hits you with a +0 flail!
* * * LOW HITPOINT WARNING * * *
You barely miss the gnoll.
The gnoll is severely wounded.
The gnoll hits you with a +0 flail!
You die...

##......##...#
##....####..#
####### #..###
### #.# #.....
.. #.# #.####
#. #.# #.##..
#)## #.#
#.##.# #g)#
#.###...>#
#######@##
#..>.)...#
#........#
#######.##
##.♣♣♣♣♣♣..#
#.# #..♣÷♣
♣..# #.#
#.##### ♣..##
#.# # #.#...#
♣..# #.#
#.##.♣...# ♣.#
#.#
#.##.#..'.8.+
♣.# #.#
#.......♣...#
♣♣.# #.#


You could see a gnoll.

Vanquished Creatures
  6 gnolls
  An adder (D:2)
  A worm (D:2)
  A dart slug (D:3)
  6 endoplasms
  9 giant cockroaches
  8 goblins
  12 hobgoblins
  2 jackals (D:3)
  3 quokkas (D:1)
  5 ball pythons
  5 bats
  3 frilled lizards
  4 kobolds
  8 rats
74 creatures vanquished.

Vanquished Creatures (others)
  2 plants (D:1)
2 creatures vanquished.

Grand Total: 76 creatures vanquished

Notes
Turn   | Place    | Note
-------+----------+-------------------------------------------
     0 | D:1      | Ablot the Gnoll Warper began the quest for the Orb.
     0 | D:1      | Reached XP level 1. HP: 20/20 MP: 6/6
   351 | D:1      | Reached XP level 2. HP: 24/26 MP: 7/7
   355 | D:1      | Learned a level 2 spell: Blink
   830 | D:1      | Reached XP level 3. HP: 19/31 MP: 9/9
   998 | D:1      | Reached skill level 5 in Spellcasting
  1582 | D:2      | Reached skill level 1 in Invocations
  1839 | D:2      | Reached skill level 1 in Short Blades
  1839 | D:2      | Reached skill level 1 in Long Blades
  1839 | D:2      | Reached skill level 1 in Axes
  1839 | D:2      | Reached skill level 1 in Maces & Flails
  1839 | D:2      | Reached skill level 1 in Staves
  1839 | D:2      | Reached skill level 1 in Slings
  1839 | D:2      | Reached skill level 1 in Bows
  1839 | D:2      | Reached skill level 1 in Crossbows
  1839 | D:2      | Reached skill level 1 in Stealth
  1839 | D:2      | Reached skill level 1 in Shields
  1839 | D:2      | Reached skill level 1 in Unarmed Combat
  1839 | D:2      | Reached skill level 1 in Evocations
  1971 | D:2      | Reached XP level 4. HP: 31/38 MP: 11/11
  2260 | D:2      | Reached skill level 1 in Conjurations
  2260 | D:2      | Reached skill level 1 in Hexes
  2260 | D:2      | Reached skill level 1 in Summonings
  2260 | D:2      | Reached skill level 1 in Necromancy
  2260 | D:2      | Reached skill level 1 in Transmutations
  2260 | D:2      | Reached skill level 1 in Fire Magic
  2260 | D:2      | Reached skill level 1 in Ice Magic
  2260 | D:2      | Reached skill level 1 in Air Magic
  2260 | D:2      | Reached skill level 1 in Earth Magic
  2260 | D:2      | Reached skill level 1 in Poison Magic
  3044 | D:3      | Reached XP level 5. HP: 42/43 MP: 12/12
  3198 | D:3      | Slain by a gnoll

Illustrated notes

Levels and vault maps discovered:
D:1:      roderic_crop_circles_arrival_small, layout_basic,
          palyth_stone_intersect, minmay_cupped
D:2:      layout_basic
D:3:      minmay_roachtagon, layout_loops_ring,
          dilly_ecumenical_altar_fadedgnrine, minmay_misc_feat_tiny

Skill      XL: |  1  2  3  4  5 |
---------------+----------------+-----
Spellcasting   | 5 |  5.2
Invocations    | 1 |  1.6
Short Blades   | 1 |  1.4
Long Blades    | 1 |  1.4
Axes           | 1 |  1.4
Maces & Flails | 1 |  1.4
Staves         | 1 |  1.4
Slings         | 1 |  1.4
Bows           | 1 |  1.4
Crossbows      | 1 |  1.4
Stealth        | 1 |  1.4
Shields        | 1 |  1.4
Unarmed Combat | 1 |  1.4
Evocations     | 1 |  1.4
Conjurations   | 1 |  1.1
Hexes          | 1 |  1.1
Summonings     | 1 |  1.1
Necromancy     | 1 |  1.1
Transmutations | 1 |  1.1
Fire Magic     | 1 |  1.1
Ice Magic      | 1 |  1.1
Air Magic      | 1 |  1.1
Earth Magic    | 1 |  1.1
Poison Magic   | 1 |  1.1
Throwing       | 3 |  3.0
Armour         | 3 |  3.0
Fighting       | |  4.8
Polearms       | |  4.8
Dodging        | |  4.8
Translocations | |  5.5

Action                   |  1- 3 |  4- 6 || total
-------------------------+-------+-------++-------
Melee: Spear             |   153 |   101 ||   254
       Bite              |     5 |     4 ||     9
       Punch             |     3 |       ||     3
 Stab: Sleeping          |     1 |     1 ||     2
       Distracted        |       |     1 ||     1
Armor: Leather armour    |    20 |    12 ||    32
Dodge: Dodged            |    68 |    50 ||   118
